 Dungeon Crawl Stone Soup version 0.18-a0-1243-g9e52518 (webtiles) character file.

668 namelastname112 the Cudgeler (level 7, -9/60 HPs)
             Began as a Mottled Draconian Gladiator on Feb 5, 2016.
             Was an Initiate of Gozag.
             Mangled by an ogre
             ... wielding a +0 giant club
              (16 damage)
             ... on level 4 of the Dungeon.
             The game lasted 00:05:53 (4119 turns).

namelastname112 the Cudgeler (DrGl)                 Turns: 4119, Time: 00:05:53

Health: -9/60      AC:  9    Str: 17    XL:     7   Next: 32%
Magic:  7/7        EV: 14    Int:  9    God:    Gozag
Gold:   67         SH:  0    Dex: 13    Spells: 0 memorised, 6 levels left

rFire  . . .     SeeInvis .     a - +0 flail
rCold  + . .     Gourm    .     (armour unavailable)
rNeg   . . .     Faith    .     (no shield)
rPois  .         Spirit   .     b - +0 hat
rElec  .         Dismiss  .     (no cloak)
rCorr  .         Reflect  .     r - +2 pair of gloves
SustAt +         Harm     .     (no boots)
MR     .....                    (no amulet)
Stlth  +.........               y - ring of sustain attributes
                                i - ring of protection from cold

@: not resistant to hostile enchantments, very unstealthy
A: breathe sticky flame splash, unfitting armour, cold-blooded, AC +6
a: Breathe Sticky Flame, Potion Petition, Call Merchant, Bribe Branch, Renounce
Religion


You were on level 4 of the Dungeon.
You worshipped Gozag.
Gozag was noncommittal.
You were hungry.

You visited 2 branches of the dungeon, and saw 5 of its levels.
You also visited: Sewer.

You collected 224 gold pieces.
You spent 97 gold pieces at shops.
You paid 60 gold pieces to Gozag.

Inventory:

Hand Weapons
 a - a +0 flail (weapon)
Missiles
 c - 3 throwing nets
 e - 5 javelins (quivered)
Armour
 b - a +0 hat (worn)
 r - a +2 pair of gloves (worn)
Jewellery
 i - a ring of protection from cold (left hand)
 y - a ring of sustain attributes (right hand)
Wands
 C - a wand of iceblast (5/15)
 D - a wand of lightning (11/15)
Scrolls
 f - 2 scrolls of blinking
 h - 2 scrolls of amnesia {unknown}
 k - 3 scrolls of identify {unknown}
 m - 6 scrolls of teleportation {unknown}
 o - 2 scrolls of recharging {unknown}
 p - 3 scrolls of enchant weapon {unknown}
 t - a scroll of enchant armour {unknown}
 w - 2 scrolls of remove curse {unknown}
 B - a scroll of noise {unknown}
Potions
 g - a potion of haste {unknown}
 j - a potion of agility {unknown}
 n - 3 potions of flight {unknown}
 q - a potion of lignification
 s - a potion of magic {unknown}
 u - 2 potions of resistance {unknown}
 v - a potion of beneficial mutation {unknown}
 x - 2 potions of curing {unknown}
 z - a potion of invisibility {unknown}
 A - 2 potions of heal wounds {unknown}
Comestibles
 d - 3 bread rations
 l - 3 meat rations


   Skills:
 + Level 4.4 Fighting
 * Level 5.9 Maces & Flails
 + Level 3.6 Throwing
 + Level 4.1 Dodging


You had 6 spell levels left.
You didn't know any spells.

Dungeon Overview and Level Annotations

Branches:
Dungeon (4/15)             Temple (1/1) D:4

Altars:
Ashenzari
Cheibriados
Dithmenos
Elyvilon
Fedhas
Gozag
Kikubaaqudgha
Makhleb
Nemelex Xobeh
Okawaru
Pakellas
Qazlal
Ru
Sif Muna
Trog
Vehumet
Yredelemnul
Zin
The Shining One

Shops:
D:4 ?


Innate Abilities, Weirdness & Mutations

You can spit globs of burning liquid.
You can ignite nearby creatures when you spit burning liquid.
Your weird mottled scales are hard (AC +6).
Your body does not fit into most forms of armour.
You are cold-blooded and may be slowed by cold attacks.


Message History

Unknown command.
The ogre burns!
The ogre burns!
The ogre burns!
The ogre burns!
The ogre stops burning.
You have got your breath back.
Throwing (i - inventory. (,) - cycle):
e - 7 javelins (quivered)
Press: ? - help, Shift-Dir - straight line, f/p - ogre
Aim: an ogre, wielding a giant club (almost dead)
You throw a javelin. The javelin hits the ogre.
The ogre is almost dead.
Throwing (i - inventory. (,) - cycle):
e - 6 javelins (quivered)
Press: ? - help, Shift-Dir - straight line, f/p - ogre
Aim: an ogre, wielding a giant club (almost dead)
You throw a javelin. The javelin barely misses the ogre.
The javelin hits the ogre!
The ogre is heavily wounded.
The ogre hits you with a giant club!
You die...
Your body crumbles into a pile of gold.

#.#.## #.._..##....> #.#
###.#.#...... #.##
#.....#...... ##..#
#########.####.....
####...##
###......##...###....
..##....#
##.........#.### #....
...#....##
#...........## ##...
.........###..........##
##..
...........(..OO@.(..##
##.
........##...........#
##
.......####.........##
......## ##........#
.....## ##########
.....# #..### ####


You could see 2 ogres.

Vanquished Creatures
  Menkaure (D:4)
  An ogre (D:3)
  A centaur (D:3)
  A big kobold (Sewer)
  The ghost of YrmMerkstave the Ruffian, a weakling DrTm (D:3)
  An orc wizard (D:3)
  A giant frog skeleton (D:4)
  A worker ant (D:4)
  The ghost of M4edhros the Charlatan, a weakling OpAr (D:4)
  7 adders
  2 river rats (Sewer)
  A shadow imp (D:3)
  2 oozes (D:2)
  2 worms
  3 giant geckos
  2 orcs (D:3)
  2 bats
  5 giant cockroaches
  9 goblins
  6 hobgoblins
  13 jackals
  8 kobolds
  2 quokkas (D:3)
  2 giant newts
  10 rats
85 creatures vanquished.

Notes
Turn   | Place    | Note
--------------------------------------------------------------
     0 | D:1      | namelastname112 the Draconian Gladiator began the quest for the Orb.
     0 | D:1      | Reached XP level 1. HP: 17/17 MP: 1/1
   547 | D:1      | Reached XP level 2. HP: 25/25 MP: 2/2
   957 | D:2      | Reached XP level 3. HP: 13/30 MP: 3/3
  1998 | D:3      | Noticed a centaur
  2010 | D:3      | Reached XP level 4. HP: 20/38 MP: 4/4
  2025 | D:3      | Reached skill level 4 in Maces & Flails
  2037 | D:3      | Killed a centaur
  2037 | D:3      | Reached XP level 5. HP: 32/45 MP: 5/5
  2188 | D:3      | Noticed YrmMerkstave's ghost (weakling DrTm)
  2206 | D:3      | Killed YrmMerkstave's ghost
  2289 | D:3      | Noticed an ogre
  2310 | D:3      | Killed an ogre
  2310 | D:3      | Reached skill level 5 in Maces & Flails
  2310 | D:3      | Reached XP level 6. HP: 26/52 MP: 6/6
  2452 | D:3      | Found a glowing drain.
  2480 | Sewer    | Entered a sewer
  2694 | Sewer    | Found a white marble altar of Elyvilon.
  2819 | D:4      | Noticed M4edhros's ghost (weakling OpAr)
  2823 | D:4      | Noticed Menkaure
  3195 | D:4      | Found Zesahung's Magic Scroll Shoppe.
  3205 | D:4      | Bought a scroll of blinking for 97 gold pieces
  3229 | D:4      | Found a staircase to the Ecumenical Temple.
  3311 | Temple   | Entered the Ecumenical Temple
  3430 | D:4      | Killed Menkaure
  3430 | D:4      | Reached XP level 7. HP: 20/60 MP: 7/7
  3430 | D:4      | Your scales start taking on a weird mottled colour.
  3813 | D:4      | Found an opulent altar of Gozag.
  3818 | D:4      | Became a worshipper of Gozag Ym Sagoz the Greedy
  3875 | D:4      | Killed M4edhros's ghost
  4097 | D:4      | HP: 3/60 [ogre/giant club (4)]
  4119 | D:4      | Mangled by an ogre

Vault maps used:
D:1:      dpeg_arrival_tiny_g
D:3:      gup_sewer_entry_glass
D:4:      nicolae_gozag_cash_rules_everything_around_me,
          minmay_temple_entry_trees, first_bread, serial_shops, shop_fountains,
          kennysheep_generic_room_7, uniq_menkaure
Temple:   grunt_circular_temple_18
Sewer:    sewer_kobolds

Action                   |  1- 3 |  4- 6 |  7- 9 || total
-------------------------+-------+-------+-------++-------
Melee: Flail             |   122 |   159 |    37 ||   318
       Unarmed           |       |    12 |       ||    12
Throw: Javelin           |       |    22 |     5 ||    27
       Throwing net      |       |     1 |       ||     1
 Abil: Breathe Sticky Fl |       |       |     1 ||     1
  Use: Potion            |       |     1 |       ||     1
 Stab: Sleeping          |     1 |     2 |       ||     3
  Eat: Chunk             |     3 |     5 |     2 ||    10
